 Dungeon Crawl Stone Soup version 0.28-a0-732-g75e6d9beac (webtiles) character file.

Game seed: 12607729583742606891

21511 ewfb the Unseen (level 12, -4/60 HPs)
             Began as a Spriggan Enchanter on Oct 29, 2021.
             Was a High Priest of Dithmenos.
             Slain by a skeletal warrior (15 damage)
             ... on level 13 of the Dungeon.
             The game lasted 00:36:22 (17928 turns).

ewfb the Unseen (Spriggan Enchanter)               Turns: 17928, Time: 00:36:24

Health: -4/60      AC: 16    Str: 15    XL:     12   Next: 54%
Magic:  6/29       EV: 23    Int: 16    God:    Dithmenos [*****.]
Gold:   2109       SH:  0    Dex: 17    Spells: 27/35 levels left

rFire   . . .      SeeInvis +   u - +8 quick blade of Ushrouwk {vorpal, Drain Str+7}
rCold   . . .      Faith    .   (shield restricted)
rNeg    . . .      Spirit   .   c - +5 steam dragon scales
rPois   .          Reflect  .   (helmet restricted)
rElec   .          Harm     .   l - +1 cloak
rCorr   .          Rampage  .   (gloves unavailable)
Will    ++...                   (boots unavailable)
Stlth   ++++++++++              k - amulet of magic regeneration
HPRegen 0.20/turn               g - ring of wizardry
MPRegen 0.46/turn               y - +4 ring of protection

@: wreathed by umbra, very quick
A: very small, no large weapons, unfitting armour, see invisible, speed 3
a: Renounce Religion, Shadow Step, Shadow Form


You were on level 13 of the Dungeon.
You worshipped Dithmenos.
Dithmenos was extremely pleased with you.
You visited 2 branches of the dungeon, and saw 14 of its levels.
You also visited: Ossuary.

You collected 2109 gold pieces.

Inventory:

Hand Weapons
 t - a +2 dagger of chaos
 u - the +8 quick blade of Ushrouwk (weapon) {vorpal, Drain Str+7}
   (You acquired it on level 11 of the Dungeon)

   It inflicts extra damage upon your enemies.
   Str:       It affects your strength (+7).
   Drain:     It drains your maximum health when unequipped.
 v - a +3 rapier of flaming
 x - a +2 dagger of venom
Missiles
 e - 4 throwing nets (quivered)
 f - 2 curare-tipped darts
 j - 35 poisoned darts
Armour
 b - a +2 robe of the Archmagi
 c - +5 steam dragon scales (worn)
 l - a +1 cloak (worn)
 B - the +1 buckler "Acauc" {rElec rF+ Str+4 Int+3 Dex-3}
   (You found it on level 11 of the Dungeon)

   Str:       It affects your strength (+4).
   Int:       It affects your intelligence (+3).
   Dex:       It affects your dexterity (-3).
   rF:        It protects you from fire.
   rElec:     It insulates you from electricity.
Jewellery
 g - a ring of wizardry (left hand)
 k - an amulet of magic regeneration (around neck)
 o - a ring of flight
 y - a +4 ring of protection (right hand)
 A - a ring of protection from fire
Wands
 w - a wand of digging (3)
 z - a wand of flame (18)
Scrolls
 a - a scroll of magic mapping
 d - 3 scrolls of immolation
 h - 2 scrolls of teleportation
 q - 2 scrolls of amnesia
 D - a scroll of silence
Potions
 i - 2 potions of resistance
 m - a potion of flight
 n - 4 potions of attraction
 p - 3 potions of curing
 r - a potion of haste
 s - a potion of might
 C - 2 potions of brilliance
 E - a potion of heal wounds
 F - 2 potions of magic


   Skills:
 + Level 5.9 Fighting
 + Level 7.9 Short Blades
 + Level 9.6 Dodging
 + Level 15.3 Stealth
 + Level 12.4 Spellcasting
 + Level 12.6 Hexes


You had 27 spell levels left.
You knew the following spells:

 Your Spells              Type           Power      Damage    Failure   Level
a - Ensorcelled Hibernat  Hex/Ice        60%        N/A       1%          2
b - Tukima's Dance        Hex            50%        N/A       1%          3
c - Dazzling Flash        Conj/Hex       60%        N/A       1%          3

Your spell library contained the following spells:

 Spells                   Type           Power      Damage    Failure   Level
 Confusing Touch          Hex            50%        N/A       1%          3
 Magic Dart               Conj           36%        1d4       2%          1
 Pain                     Necr           36%        1d5       2%          1
 Sandblast                Erth           18%        2d7       2%          1
 Call Imp                 Summ           9%         N/A       4%          2
 Passwall                 Tmut/Erth      7%         N/A       4%          2
 Sublimation of Blood     Necr           4%         N/A       4%          2
 Wereblood                Tmut           9%         N/A       4%          2
 Conjure Flame            Conj/Fire      9%         6-21      9%          3
 Ignite Poison            Fire/Tmut/Pois 9%         N/A       9%          3
 Mephitic Cloud           Conj/Pois/Air  9%         N/A       9%          3
 Stone Arrow              Conj/Erth      18%        3d8       9%          3
 Olgreb's Toxic Radiance  Pois           9%         N/A       26%         4
 Sticky Flame             Conj/Fire      9%         2d3       26%         4
 Agony                    Necr           9%         N/A       58%         5
 Alistair's Intoxication  Tmut/Pois      6%         N/A       58%         5
 Excruciating Wounds      Necr           4%         N/A       58%         5
 Summon Hydra             Summ           4%         N/A       100%        7
 Shatter                  Erth           4%         3d8*      100%        9


Dungeon Overview and Level Annotations

Branches:
Dungeon (13/15)            Temple (1/1) D:5            Lair (0/6) D:8
    Orc (0/2) D:10        Ossuary (visited)
 Vaults: D:13-14

Altars:
Ashenzari
Dithmenos
Elyvilon
Hepliaklqana
Makhleb
Nemelex Xobeh
Okawaru
Trog
Uskayaw
Wu Jian
Xom
Zin
The Shining One
Jiyva

Shops:
D:4 :   D:5 *

Portals:
Trove: D:11 (give 6 potions of haste)

Annotations:
D:4 2 transporters, Mandevil's ghost, amateur KoNe
D:8 2 transporters, TimeIsEndless's ghost, novice FoFi


Innate Abilities, Weirdness & Mutations

You are very small and have problems with some larger weapons.
You are too small for most types of armour.
You have supernaturally acute eyesight. (SInv)
You cover ground extremely quickly. (Speed+++)


Message History

Okay, then.
Casting: Tukima's Dance (safe; 1% risk of failure)
Confirm with . or Enter, or press ? or * to list all spells.
Aiming: Tukima's Dance (safe; 1% risk of failure)
Press: ? - help, Shift-Dir - straight line, f/p - skeletal warrior
Aim: a skeletal warrior, wielding a +0 flail (chance to affect: 11%)
The skeletal warrior resists with almost no effort.
Unknown command.
Casting: Tukima's Dance (safe; 1% risk of failure)
Confirm with . or Enter, or press ? or * to list all spells.
Aiming: Tukima's Dance (safe; 1% risk of failure)
Press: ? - help, Shift-Dir - straight line, f/p - skeletal warrior
Aim: a skeletal warrior, wielding a +0 flail (umbra, chance to affect: 11%)
The skeletal warrior resists with almost no effort.
Casting: Tukima's Dance (safe; 1% risk of failure)
Confirm with . or Enter, or press ? or * to list all spells.
Aiming: Tukima's Dance (safe; 1% risk of failure)
Press: ? - help, Shift-Dir - straight line, f/p - skeletal warrior
Aim: a skeletal warrior, wielding a +0 flail (umbra, chance to affect: 11%)
The skeletal warrior resists with almost no effort.
The skeletal warrior hits you with a +0 mace!
The skeletal warrior hits you from afar with a +0 halberd!
Unknown command.
Casting: Tukima's Dance (safe; 1% risk of failure)
Confirm with . or Enter, or press ? or * to list all spells.
Aiming: Tukima's Dance (safe; 1% risk of failure)
Press: ? - help, Shift-Dir - straight line, f/p - skeletal warrior
Aim: a skeletal warrior, wielding a +0 flail (umbra, chance to affect: 11%)
The skeletal warrior resists with almost no effort.
The skeletal warrior misses you.
Casting: Tukima's Dance (safe; 1% risk of failure)
Confirm with . or Enter, or press ? or * to list all spells.
Aiming: Tukima's Dance (safe; 1% risk of failure)
Press: ? - help, Shift-Dir - straight line, f/p - skeletal warrior
Aim: a skeletal warrior, wielding a +0 flail (umbra, chance to affect: 11%)
The +0 flail dances into the air!
The skeletal warrior hits you with a +0 mace!
* * * LOW HITPOINT WARNING * * *
The skeletal warrior hits you from afar with a +0 halberd!
You die...

####.# #.# #.# ...#.# #.# ####.#
...#.###.# #....## ...#.#...#
#....#. ...#.#.### #....#.
.###...# #...... .####### #......
....#######################......
..............zz@................
.............(..z..###########.##
########...........# ##.##
...................# ########..#.
...................# #)....##.##.
............#+#....# #)....##....
............#......# #'###'######
............##.....# #.##...#..)#
............##..#### #.##...#..))


You could see 3 skeletal warriors and a friendly +0 flail.

Vanquished Creatures
  Erolcha (D:11)
  A vault guard (D:11)
  A boulder beetle (D:12)
  A centaur warrior (D:13)
  2 two-headed ogres
  A skeletal warrior (D:13)
  An obsidian statue (D:11)
  An orc knight (D:13)
  An ugly thing (D:13)
  A cyclops (D:8)
  A manticore (D:11)
  An elephant (D:8)
  2 gargoyles
  An unseen horror (D:12)
  A komodo dragon (D:12)
  7 trolls
  A hornet (D:9)
  3 slime creatures (D:12)
  3 wyverns
  11 yaks
  3 wraiths
  9 vampire mosquitoes
  A basilisk (D:8)
  5 steam dragons
  An acid dragon (D:5)
  2 water moccasins
  3 orc warriors
  A hornet zombie (D:8)
  2 ice beasts
  A sky beast (D:5)
  3 black bears
  3 ogres
  3 necrophages
  9 centaurs
  2 phantoms
  2 elf zombies (Ossuary)
  4 kobold brigands
  6 bullfrogs
  3 scorpions
  A wyvern zombie (D:7)
  A wyvern skeleton (D:4)
  5 wights
  4 killer bees (D:9)
  2 water moccasin skeletons
  2 howler monkeys
  A bullfrog zombie (D:6)
  5 centaur zombies
  4 hounds
  4 orc priests
  A jelly (D:5)
  A human zombie (Ossuary)
  2 centaur skeletons (D:7)
  3 iguanas (D:5)
  6 orc wizards
  3 mummies
  A howler monkey zombie (D:5)
  7 adders
  2 white imps
  2 ufetubi (D:5)
  An adder zombie (Ossuary)
  6 dart slugs
  32 orcs
  9 endoplasms
  3 giant cockroaches
  10 goblins
  17 hobgoblins
  2 jackals (D:2)
  21 kobolds
  6 quokkas
  10 ball pythons
  3 bats
  4 frilled lizards
  2 goblin zombies (Ossuary)
  9 hobgoblin zombies
  2 jackal zombies (Ossuary)
  12 kobold zombies
  5 orc zombies (Ossuary)
  9 rats
  3 rat zombies (Ossuary)
328 creatures vanquished.

Vanquished Creatures (collateral kills)
  Eustachio (D:6)
  An orc warrior (D:5)
  An ogre (D:6)
  A kobold brigand (D:7)
  7 wights
  A hound (D:5)
  A dart slug (D:5)
  An orc (D:5)
  A goblin (D:4)
  2 kobolds
17 creatures vanquished.

Vanquished Creatures (others)
  5 dancing weapons
  Blork the orc (D:4)
  2 orcs (D:8)
  A kobold (D:8)
  2 plants (D:8)
11 creatures vanquished.

Grand Total: 356 creatures vanquished

Notes
Turn   | Place    | Note
-------+----------+-------------------------------------------
     0 | D:1      | ewfb the Spriggan Enchanter began the quest for the Orb.
     0 | D:1      | Reached XP level 1. HP: 9/9 MP: 5/5
   558 | D:2      | Reached XP level 2. HP: 9/13 MP: 7/7
   561 | D:2      | Learned a level 2 spell: Ensorcelled Hibernation
  1101 | D:2      | You fall into a shaft and drop 2 floors!
  1101 | D:4      | Noticed Mandevil's ghost (amateur KoNe)
  1101 | D:4      | Found a transporter.
  1104 | D:4      | Noticed an ogre
  1105 | D:4      | Noticed an ogre
  1108 | D:4      | Found a transporter.
  1108 | D:4      | Noticed an ogre
  1149 | D:3      | Reached XP level 3. HP: 8/16 MP: 9/9
  1946 | D:1      | Learned a level 3 spell: Tukima's Dance
  1951 | D:1      | Learned a level 3 spell: Dazzling Flash
  2431 | D:1      | Reached XP level 4. HP: 21/21 MP: 11/11
  2915 | D:3      | Reached skill level 5 in Hexes
  3946 | D:3      | Found a bloodstained altar of Trog.
  3946 | D:3      | Found an iron altar of Okawaru.
  3990 | D:4      | Noticed a steam dragon
  3991 | D:4      | Noticed Blork the orc
  4001 | D:3      | Reached skill level 5 in Spellcasting
  4001 | D:3      | Reached XP level 5. HP: 5/24 MP: 9/13
  4444 | D:4      | Found a sparkling altar of Nemelex Xobeh.
  4450 | D:4      | Found Wairawn's Self-Improvement Boutique.
  4659 | D:4      | Found a hide-covered altar of Uskayaw.
  4712 | D:4      | Killed Blork the orc
  5170 | D:4      | Reached XP level 6. HP: 28/28 MP: 12/15
  5216 | D:4      | HP: 1/28 [steam dragon (1)]
  5223 | D:4      | Killed a steam dragon
  5224 | D:4      | Reached skill level 5 in Stealth
  5646 | D:4      | Found a burning altar of Makhleb.
  5650 | D:4      | Found a glowing silver altar of Zin.
  5651 | D:4      | Noticed a green death
  5651 | D:4      | Noticed an angel
  5927 | D:5      | Entered Level 5 of the Dungeon
  5942 | D:5      | Found a shadowy altar of Dithmenos.
  5962 | D:5      | Became a worshipper of Dithmenos the Shadowed
  6023 | D:5      | Noticed an orc warrior
  6031 | D:5      | Killed an orc warrior
  6032 | D:5      | Reached skill level 6 in Stealth
  6032 | D:5      | Reached XP level 7. HP: 24/32 MP: 12/17
  6053 | D:5      | Reached skill level 7 in Stealth
  6173 | D:5      | Noticed a wyvern
  6753 | D:5      | Reached skill level 8 in Stealth
  6812 | D:5      | Reached XP level 8. HP: 36/36 MP: 6/20
  6899 | D:5      | Found a staircase to the Ecumenical Temple.
  6908 | Temple   | Entered the Ecumenical Temple
  6968 | D:5      | Found a white marble altar of Elyvilon.
  6969 | D:5      | Found a glowing golden altar of the Shining One.
  7034 | D:5      | Found Etorral's General Store.
  7105 | D:5      | Reached skill level 9 in Stealth
  7694 | D:6      | Reached skill level 10 in Stealth
  7698 | D:6      | Reached XP level 9. HP: 27/39 MP: 10/23
  7713 | D:6      | Reached * piety under Dithmenos
  8106 | D:6      | Identified the +5 ring mail of Misanthropy {SInv}
  8240 | D:6      | Reached skill level 11 in Stealth
  8349 | D:6      | Reached skill level 1 in Fighting
  8392 | D:6      | Noticed Eustachio
  8418 | D:6      | Killed Eustachio
  9020 | D:7      | Found a sand-covered staircase.
  9025 | Ossuary  | Entered an ossuary
  9095 | Ossuary  | Reached ** piety under Dithmenos
 10122 | Ossuary  | Reached skill level 10 in Hexes
 10372 | D:7      | Found a large runed translucent door.
 10372 | D:7      | Found a large runed translucent door.
 10372 | D:7      | Found a shimmering altar of Xom.
 10841 | D:7      | Identified a scroll of acquirement
 10841 | D:7      | Acquired 1041 gold pieces
 11029 | D:7      | Reached skill level 12 in Stealth
 11029 | D:7      | Reached XP level 10. HP: 47/47 MP: 21/24
 11107 | D:7      | Reached *** piety under Dithmenos
 11108 | D:7      | Reached skill level 5 in Dodging
 11117 | D:7      | Reached skill level 10 in Spellcasting
 11714 | D:8      | Found a transporter.
 11717 | D:8      | Noticed TimeIsEndless's ghost (novice FoFi)
 11719 | D:8      | Noticed a moth of wrath
 11743 | D:8      | Found a transporter.
 11948 | D:8      | Found a staircase to the Lair.
 11948 | D:8      | Noticed an elephant
 11967 | D:8      | Killed an elephant
 12859 | D:8      | Reached skill level 5 in Short Blades
 13135 | D:8      | Noticed a gargoyle
 13384 | D:8      | Noticed a cyclops
 13386 | D:8      | Killed a cyclops
 13387 | D:8      | Reached skill level 13 in Stealth
 13390 | D:8      | Got the Reference Book on Venomous Earth
 13581 | D:9      | Reached XP level 11. HP: 53/53 MP: 18/26
 13899 | D:9      | Found a hazy altar of Hepliaklqana.
 13916 | D:9      | Found a shimmering altar of Xom.
 14544 | D:10     | Entered Level 10 of the Dungeon
 14548 | D:10     | Found a staircase to the Orcish Mines.
 14687 | D:10     | Reached **** piety under Dithmenos
 15820 | D:11     | Noticed a two-headed ogre
 15845 | D:11     | Reached skill level 14 in Stealth
 15850 | D:11     | Killed a two-headed ogre
 15986 | D:11     | Noticed Erolcha
 15994 | D:11     | Killed Erolcha
 15995 | D:11     | Reached skill level 5 in Fighting
 16052 | D:11     | Acquired the +8 quick blade of Ushrouwk {vorpal, Drain
                  | Str+7}
 16076 | D:11     | Noticed an obsidian statue
 16093 | D:11     | Noticed a soul eater
 16096 | D:11     | Noticed a soul eater
 16103 | D:11     | Killed an obsidian statue
 16109 | D:11     | Identified the +1 buckler "Acauc" {rElec rF+ Str+4 Int+3
                  | Dex-3}
 16116 | D:11     | Identified the +2 scale mail "Juoxud" {rElec}
 16117 | D:11     | Identified the +1 halberd of the Vaults {vamp, rC+ Str+2}
 16498 | D:11     | Noticed a vault guard
 16506 | D:11     | Killed a vault guard
 16507 | D:11     | Reached XP level 12. HP: 54/60 MP: 21/28
 16524 | D:11     | Found a portal to a secret trove of treasure.
 16602 | D:12     | Reached ***** piety under Dithmenos
 16603 | D:12     | Found a broken altar of Ashenzari.
 16834 | D:12     | Noticed a two-headed ogre
 16843 | D:12     | Killed a two-headed ogre
 16996 | D:12     | Noticed a boulder beetle
 17003 | D:12     | Killed a boulder beetle
 17048 | D:12     | Reached skill level 15 in Stealth
 17452 | D:13     | Noticed a centaur warrior
 17467 | D:13     | Killed a centaur warrior
 17928 | D:13     | Slain by a skeletal warrior

Illustrated notes

Levels and vault maps discovered:
D:1:      elethiomel_arrival_fortress_basement, layout_basic,
          minmay_misc_feat_rows, nrook_campfire
D:2:      layout_rooms
D:3:      layout_rooms, grunt_temple_overflow_bloody_war,
          minmay_goblin_kobold_house
D:4:      layout_rooms, grunt_temple_overflow_order_and_chaos_2,
          lemuel_crystal_altar, kennysheep_mini_moat, gammafunk_ghost_smash,
          nicolae_shop_self_help, uniq_blork_the_orc
D:5:      layout_rooms, mainiacjoe_overflow_divided_tiny,
          grunt_dithmenos_smoke_and_mirrors, minmay_temple_entry_wispy,
          serial_shops, shop, nzn_random_ring
D:6:      layout_loops_ring, uniq_eustachio
D:7:      due_chaos_kobolds, layout_loops_ring, nicolae_ossuary_entry_giza
D:8:      minmay_blocky_corners, layout_loops_corners, david_lair_generic,
          gammafunk_ghost_berserking_beasts, dk_vineyard_2,
          hangedman_abyss_or_decor_clamps
D:9:      layout_layer_cave, mainiacjoe_overflow_catwalk, xom_butterflies
D:10:     layout_small_grid, david_orc_3
D:11:     layout_basic, enter_trove_5, minivault_15, uniq_erolcha
D:12:     layout_cave_pools, nicolae_ashenzari_panopticon
D:13:     cheibrodos_orc_bank, layout_basic, demons_altar
Temple:   pf_slimified_temple

Skill      XL: |  1  2  3  4  5  6  7  8  9 10 11 12 |
---------------+-------------------------------------+-----
Spellcasting   | 3 4 5 6 7 9 10 11 12 | 12.4
Hexes          | 4 5 6 7 9 10 11 12 | 12.6
Stealth        | 6 8 10 12 13 14 15 | 15.3
Dodging        | 4 6 8 9 |  9.6
Fighting       | 2 3 5 |  5.9
Short Blades   | 3 5 7 |  7.9

Action                   |  1- 3 |  4- 6 |  7- 9 | 10-12 || total
-------------------------+-------+-------+-------+-------++-------
Melee: Dagger            |   147 |   221 |   500 |   362 ||  1230
       Falchion          |       |       |    84 |       ||    84
       Rapier            |       |       |       |    86 ||    86
       Quick blade       |       |       |       |   149 ||   149
 Cast: Ensorcelled Hiber |    18 |    16 |    50 |    50 ||   134
       Dazzling Flash    |       |     5 |    10 |       ||    15
       Tukima's Dance    |       |     4 |    10 |    31 ||    45
Invok: Shadow Step       |       |       |       |     1 ||     1
Evoke: Wand              |       |       |       |     1 ||     1
  Use: Scroll            |     2 |     6 |    11 |    15 ||    34
       Potion            |       |     1 |     1 |     9 ||    11
 Stab: Sleeping          |    16 |    19 |    43 |    73 ||   151
       Distracted        |     1 |     1 |     6 |     3 ||    11
       Invisible         |       |     2 |     5 |     1 ||     8
Armor: Robe              |    13 |    50 |    63 |       ||   126
       Steam dragon scal |       |       |    52 |   119 ||   171
Dodge: Dodged            |   115 |   173 |   514 |   526 ||  1328

Table legend: (Time is in decaauts)
 A = Elapsed time spent in this place.
 B = Non-inter-level travel time spent in this place.
 C = Inter-level travel time spent in this place.
 D = Time resting spent in this place.
 E = Time spent auto-exploring this place.
 F = Levels seen in this place.
 G = Mean time per level.
                   A        B        C        D        E       F      G
               +--------+--------+--------+--------+--------+-----+--------+
         Total |  14067 |  13776 |    291 |   3187 |   7277 |  15 |  937.8 |
       Dungeon |  13068 |  12777 |    291 |   2838 |   7226 |  13 | 1005.2 |
        Temple |      1 |      1 |      0 |      0 |      0 |   1 |    1.0 |
       Ossuary |    996 |    996 |      0 |    348 |     50 |   1 |  996.0 |
               +--------+--------+--------+--------+--------+-----+--------+

Top non-repeatable levels by time:
     D:2: 1582 daAuts
     D:3: 1431 daAuts
     D:5: 1322 daAuts
     D:4: 1261 daAuts
     D:7: 1203 daAuts
     D:8: 1201 daAuts
     D:1: 1036 daAuts
     D:9: 1031 daAuts
 Ossuary: 996 daAuts
     D:6: 883 daAuts
    D:11: 607 daAuts
    D:10: 583 daAuts
    D:12: 484 daAuts
    D:13: 438 daAuts
  Temple: 1 daAuts
